Map: Thunderbird LE

Players

Lambo - Winner!

  • Race: Zerg Zerg
  • League: Master
  • Spawn Location: 5:00

OGZest (Zest)

  • Race: Protoss Protoss
  • Spawn Location: 11:00

Event: HomeStory Cup XIX

VOD

Have the link to the VOD?

Description

Time

  • Played on: June 29, 2019, 12:36 p.m.
  • Length: 11:16

All games in this series

Show
View Real Time Build Order
Export as new Build Order

Lambo Zerg - Winner!

Build Orders: Hatch First 

Get SALT Encoding   

  12  0:01  Drone  
  13  0:13  Overlord  
  13  0:17  Drone  
  14  0:32  Drone  
  14  0:33  Drone  
  16  0:47  Hatchery  
  15  0:51  Drone  
  15  0:55  Drone  
  17  0:58  Drone  
  18  1:08  Extractor  
  17  1:12  Spawning Pool  
  17  1:15  Drone  
  17  1:20  Drone  
  18  1:29  Drone  
  19  1:40  Drone  
  20  1:52  Overlord  
  20  1:59  Queen x2  
  20  2:00  Zergling x2  
  25  2:03  Zergling x2  
  26  2:12  Drone x2  
  26  2:15  Metabolic Boost  
  28  2:24  Drone x2  
  30  2:31  Drone  
  30  2:35  Drone  
  32  2:41  Hatchery  
  31  2:45  Drone  
  31  2:47  Overlord  
  32  2:53  Queen  
  32  2:56  Drone  
  34  3:01  Drone  
  35  3:07  Drone x2  
  35  3:09  Drone  
  35  3:10  Zergling x4  
  35  3:11  Drone  
  41  3:16  Overlord  
  41  3:17  Drone  
  42  3:21  Drone  
  42  3:23  Overlord  
  43  3:34  Queen  
  43  3:35  Drone  
  43  3:36  Drone  
  43  3:38  Lair  
  47  3:44  Spore Crawler  
  47  3:45  Drone, Spore Crawler  
  47  3:48  Drone x2  
  48  3:50  Zergling x2  
  48  3:52  Zergling x2  
  48  3:55  Spore Crawler  
  49  3:57  Drone  
  49  3:59  Drone  
  49  4:01  Drone  
  52  4:03  Extractor  
  52  4:05  Extractor  
  52  4:07  Overlord  
  52  4:08  Drone  
  51  4:11  Drone x2  
  51  4:13  Drone  
  51  4:15  Drone  
  51  4:16  Drone  
  56  4:23  Overlord  
  56  4:25  Queen  
  58  4:32  Overlord  
  58  4:34  Drone x4  
  62  4:39  Hydralisk Den  
  62  4:40  Drone  
  62  4:42  Drone  
  62  4:45  Drone x2  
  64  4:46  Drone  
  65  4:54  Overlord  
  65  4:55  Drone x3  
  65  4:57  Drone  
  69  5:00  Drone x2  
  69  5:01  Drone  
  69  5:03  Evolution Chamber  
  71  5:11  Hydralisk x3  
  77  5:16  Muscular Augments  
  77  5:17  Hydralisk  
  75  5:22  Hydralisk x2  
  75  5:27  Drone x2  
  81  5:32  Overlord  
  81  5:36  Zerg Missile Weapons Level 1, Extractor  
  81  5:39  Overlord  
  80  5:44  Overlord  
  80  5:46  Overlord  
  80  5:48  Hydralisk x2  
  80  5:50  Drone x6  
  86  5:59  Drone x5  
  86  6:02  Drone  
  92  6:05  Drone x2  
  93  6:12  Hatchery  
  93  6:13  Drone x3  
  93  6:16  Extractor x2  
  93  6:20  Hydralisk  
  93  6:21  Hydralisk, Baneling Nest  
  96  6:28  Queen  
  96  6:30  Drone x5  
  101  6:35  Drone x2  
  101  6:40  Hydralisk  
  101  6:44  Hydralisk x2, Grooved Spines  
  101  6:45  Infestation Pit  
  106  6:52  Hydralisk x2  
  106  6:53  Hydralisk  
  112  6:58  Overlord x4  
  114  7:08  Drone x2  
  114  7:11  Overlord  
  114  7:14  Centrifical Hooks  
  114  7:15  Overlord  
  113  7:20  Hydralisk x6  
  123  7:24  Hydralisk  
  123  7:25  Zergling x6  
  123  7:27  Hydralisk  
  123  7:28  Zergling x2  
  129  7:32  Hydralisk  
  129  7:33  Zergling x4  
  129  7:34  Baneling  
  133  7:38  Hydralisk  
  133  7:39  Zergling x6  
  133  7:43  Hydralisk, Zergling x2  
  141  7:46  Hydralisk  
  141  7:47  Zergling x2  
  141  7:49  Zergling x4  
  135  7:52  Hydralisk  
  129  7:59  Hydralisk x3  
  129  8:02  Hydralisk  
  129  8:03  Zergling x8  
  140  8:08  Hydralisk, Zergling x4  
  140  8:09  Baneling  
  140  8:12  Zergling x6  
  147  8:20  Hydralisk x3  
  147  8:25  Hatchery  
  152  8:28  Overlord  
  152  8:33  Hydralisk  
  154  8:34  Overlord  
  154  8:38  Overlord  
  154  8:40  Overlord, Zerg Melee Weapons Level 1  
  154  8:44  Baneling x7  
  154  8:45  Overlord  
  154  8:52  Hydralisk, Zergling x2  
  154  8:53  Zergling x12  
  162  8:57  Zergling x2  
  162  9:02  Baneling x5  
  163  9:05  Overlord  
  163  9:06  Zergling x14  
  170  9:13  Zergling x2  
  170  9:14  Zergling x4  
  170  9:16  Baneling x9  
  173  9:17  Zergling x2  
  173  9:18  Zergling x2  
  175  9:24  Zergling x2  
  175  9:30  Zergling x4  
  177  9:35  Baneling x10  
  177  9:36  Zergling x14  
  183  9:40  Baneling x3, Zergling x2  
  183  9:41  Zergling x4  
  185  9:52  Zergling x12  
  186  9:57  Zergling x2  
  185  10:01  Hydralisk  
  185  10:02  Zergling x10  
  179  10:14  Zergling x20  
  180  10:21  Baneling  
  180  10:22  Baneling x11  
  181  10:28  Zergling x14  
  183  10:36  Baneling x7  
  183  10:37  Baneling x9  
  183  10:40  Zergling x14  
  186  10:46  Zergling x8  
  160  10:53  Zergling x10  
  152  10:59  Zergling x4  
Show
View Real Time Build Order
Export as new Build Order

OGZest Protoss 

Build Orders: 1 Gate Expand, Oracle Opening, Phoenix Opening, Chargelot Immortal 

Get SALT Encoding   

  12  0:00  Probe  
  13  0:12  Probe  
  14  0:18  Pylon  
  14  0:24  Probe  
  15  0:32  Probe  
  15  0:37  Gateway  
  15  0:40  Probe  
  16  0:46  Assimilator  
  17  0:51  Probe  
  18  1:03  Probe  
  19  1:15  Probe  
  20  1:24  Nexus  
  20  1:33  Cybernetics Core  
  20  1:37  Probe  
  21  1:44  Assimilator  
  21  1:49  Probe  
  21  1:52  Pylon  
  22  2:00  Adept  
  22  2:01  Probe  
  23  2:13  Probe  
  26  2:15  Stargate  
  26  2:24  Warp Gate  
  26  2:25  Probe  
  27  2:30  Adept  
  27  2:32  Probe  
  30  2:37  Probe  
  30  2:40  Probe  
  31  2:49  Probe  
  31  2:50  Probe, Phoenix  
  33  2:57  Pylon  
  34  3:02  Probe  
  34  3:03  Probe  
  34  3:04  Oracle  
  38  3:14  Probe  
  38  3:15  Probe  
  43  3:23  Gateway  
  43  3:26  Probe  
  45  3:27  Probe  
  45  3:30  Assimilator  
  45  3:32  Oracle  
  45  3:34  Assimilator  
  45  3:38  Probe  
  45  3:39  Probe  
  47  3:44  Pylon  
  50  3:51  Probe x2  
  52  3:59  Robotics Facility  
  52  4:03  Probe x2  
  52  4:06  Oracle  
  54  4:15  Probe  
  59  4:20  Pylon  
  58  4:29  Pylon  
  58  4:32  Gateway  
  58  4:33  Gateway  
  58  4:36  Warp Prism  
  58  4:48  Sentry x2  
  64  4:57  Gateway x2, Pylon  
  64  5:00  Pylon  
  64  5:04  Immortal  
  68  5:26  Sentry x2  
  68  5:27  Gateway  
  72  5:28  Gateway  
  72  5:30  Gateway  
  72  5:32  Pylon  
  72  5:41  Immortal  
  72  5:52  Probe x2  
  72  5:53  Sentry  
  72  5:54  Sentry x4  
  88  6:10  Immortal  
  88  6:12  Pylon  
  88  6:14  Nexus  
  88  6:17  Probe x2  
  94  6:40  Probe x2  
  94  6:43  Pylon  
  94  6:45  Twilight Council  
  94  6:46  Forge  
  96  6:48  Observer  
  96  6:52  Probe  
  96  6:53  Probe  
  98  7:00  Stalker x5  
  109  7:04  Stalker  
  111  7:11  Zealot  
  111  7:13  Pylon  
  113  7:31  Stalker x6  
  125  7:45  Charge  
  125  7:54  Stalker x4  
  125  7:56  Protoss Ground Weapons Level 1  
  131  8:15  Assimilator  
  131  8:16  Assimilator  
  128  8:38  Zealot x6  
  140  8:42  Templar Archives  
  140  8:43  Probe, Pylon  
  140  8:45  Pylon  
  141  8:56  Photon Cannon, Pylon  
  141  8:57  Pylon  
  141  8:58  Photon Cannon  
  141  9:01  Probe x3  
  141  9:02  Psionic Storm  
  144  9:11  Immortal  
  148  9:19  Pylon  
  148  9:21  Nexus  
  148  9:25  High Templar  
  148  9:26  High Templar x3  
  148  9:31  Pylon  
  156  9:35  Probe x3  
  155  9:55  Zealot  
  155  9:56  Zealot x4  
  153  10:18  Probe x3  
  153  10:21  Photon Cannon  
  146  10:23  Photon Cannon, Stargate  
  146  10:25  Photon Cannon, Fleet Beacon  
  146  10:27  Assimilator  
  146  10:32  Assimilator  
  146  10:40  High Templar x4  
  146  10:42  Zealot x3  
  156  10:46  Archon x2  
  101  10:57  Zealot x2  
  101  11:00  Archon  
  101  11:03  Zealot x3  
Tags
 
Add a new tag
Caveats
  • Supply blocks, unpowered buildings, or Contaminate may cause inaccurate times.
  • Supply counts are checked every 10 seconds.